 Dungeon Crawl Stone Soup version 0.25.1-2-g60ff931df9 (webtiles) character file.

Game seed: 6680947360146896885

284 Erymatos the Chopper (level 6, -3/84 HPs)
             Began as a Minotaur Berserker on Nov 12, 2020.
             Was a Believer of Trog.
             Slain by a sky beast (5 damage)
             ... on level 3 of the Dungeon.
             The game lasted 00:02:51 (2428 turns).

Erymatos the Chopper (Minotaur Berserker)           Turns: 2428, Time: 00:02:52

Health: -3/84      AC:  2    Str: 23    XL:     6   Next: 7%
Magic:  5/5        EV: 13    Int:  4    God:    Trog [**....]
Gold:   92         SH:  0    Dex: 10    Spells: 5/5 levels left

rFire    . . .     SeeInvis .   a - +0 hand axe
rCold    . . .     Gourm    .   (no shield)
rNeg     . . .     Faith    .   b - +0 animal skin
rPois    .         Spirit   .   (helmet restricted)
rElec    .         Reflect  .   (no cloak)
rCorr    .         Harm     .   (no gloves)
MR       .....                  (no boots)
Stlth    ..........             (no amulet)
HPRegen  0.24/turn              (no ring)
MPRegen  0.09/turn              (no ring)

@: brilliant, berserking, lethally poisoned (-3 -> -13), very quick
A: retaliatory headbutt, horns 2
a: Berserk, Trog's Hand, Renounce Religion


You were on level 3 of the Dungeon.
You worshipped Trog.
Trog was pleased with you.
You were very hungry.

You visited 1 branch of the dungeon, and saw 3 of its levels.

You collected 92 gold pieces.

Inventory:

Hand Weapons
 a - a +0 hand axe (weapon)
Armour
 b - a +0 animal skin (worn)
Scrolls
 f - a scroll of enchant weapon {unknown}
 g - 4 scrolls of identify {unknown}
 i - a scroll of immolation {unknown}
 j - a scroll of blinking {unknown}
 m - a scroll of enchant armour {unknown}
 n - a scroll of magic mapping {unknown}
 o - a scroll of remove curse {unknown}
 p - 2 scrolls of fog {unknown}
Potions
 d - a potion of flight {unknown}
 e - a potion of lignification {unknown}
 h - a potion of brilliance
 l - a potion of might {unknown}
Comestibles
 c - 3 rations
 k - 7 chunks of flesh


   Skills:
 + Level 5.4 Fighting
 + Level 5.9 Axes
 + Level 3.2 Armour
 + Level 3.7 Dodging


You had 5 spell levels left.
You didn't know any spells.
Your spell library was empty.

Dungeon Overview and Level Annotations

Branches:
Dungeon (3/15)

Altars:
Dithmenos
Qazlal


Innate Abilities, Weirdness & Mutations

You reflexively headbutt those who attack you in melee.
You have a pair of horns on your head.


Message History

Unknown command.
You miss something.
You feel sick.
Unknown command.
You barely miss something.
* * * LOW HITPOINT WARNING * * *
You feel sick. Something hits you but does no damage.
Unknown command.
You barely miss something. You headbutt something!
You feel sick. Something hits you.
* * * LOW HITPOINT WARNING * * *
Something shocks you.
* * * LOW HITPOINT WARNING * * *
You barely miss something.
Unknown command.
You slash something!
* * * LOW HITPOINT WARNING * * *
You feel sick. Something hits you.
* * * LOW HITPOINT WARNING * * *
Something shocks you.
You die...

#.#. ...( ...# ... ## ##.##
#### ###.. #...# #.. ..#.
## #...# #.# ... .. ###
#...# #@###..#.## ..# #...#
#{##......
#.#####...######r##...#
#..÷)..........#†##...##.#
...)).................r....
...............###$.$....#.
..###.......#### #..#.##.#
..##.........# #...... #
####.........# #....##.#


You could see a rat.

Vanquished Creatures
  A sky beast (D:2)
  A scorpion (D:3)
  An orc priest (D:3)
  5 adders
  An ooze (D:3)
  4 dart slugs
  A worm (D:2)
  2 leopard geckos
  4 orcs (D:3)
  8 goblins
  6 hobgoblins
  2 jackals (D:1)
  7 kobolds
  2 ball pythons
  4 bats (D:2)
  3 frilled lizards
  2 rats
54 creatures vanquished.

Notes
Turn   | Place    | Note
-------+----------+-------------------------------------------
     0 | D:1      | Erymatos the Minotaur Berserker began the quest for the
                  | Orb.
     0 | D:1      | Reached XP level 1. HP: 19/19 MP: 0/0
   237 | D:1      | Reached XP level 2. HP: 27/27 MP: 1/1
   670 | D:1      | Reached XP level 3. HP: 30/33 MP: 2/2
  1042 | D:2      | Reached ** piety under Trog
  1490 | D:2      | Reached XP level 4. HP: 22/41 MP: 3/3
  1949 | D:2      | Noticed a sky beast
  1955 | D:2      | Killed a sky beast
  1955 | D:2      | Reached skill level 5 in Fighting
  1955 | D:2      | Reached skill level 5 in Axes
  1955 | D:2      | Reached XP level 5. HP: 48/48 MP: 4/4
  1968 | D:2      | Found a stormy altar of Qazlal.
  2183 | D:2      | Found a shadowy altar of Dithmenos.
  2406 | D:3      | Noticed a sky beast
  2416 | D:3      | Reached XP level 6. HP: 27/56 MP: 5/5
  2426 | D:3      | HP: 3/84 [something (6)]
  2428 | D:3      | Slain by a sky beast

Illustrated notes

Levels and vault maps discovered:
D:1:      minmay_arrival_stone_box, layout_loops_ring
D:2:      layout_loops_ring, nicolae_dithmenos_through_a_glass_darkly,
          first_ration, minmay_misc_feat_columns, grunt_qazlal_clouds
D:3:      layout_loops_cross

Skill      XL: |  1  2  3  4 |
---------------+-------------+-----
Fighting       | 4 5 |  5.4
Axes           | 4 5 |  5.9
Dodging        | 3 |  3.7
Armour         | 3 |  3.2

Action                   |  1- 3 |  4- 6 || total
-------------------------+-------+-------++-------
Melee: Hand axe          |    71 |    47 ||   118
       Headbutt          |     8 |     7 ||    15
Invok: Berserk           |     1 |     3 ||     4
  Use: Potion            |       |     1 ||     1
  Eat: Chunk             |     2 |     2 ||     4
       Ration            |       |     1 ||     1
Armor: Animal skin       |     6 |     4 ||    10
Dodge: Dodged            |    55 |    19 ||    74
